 Dungeon Crawl Stone Soup version 0.26.0-15-gc6cd9f700b (webtiles) character file.

Game seed: 5566082897478520071

187 hatsuma the Slasher (level 5, 0/72 HPs)
             Began as a Minotaur Berserker on Jan 16, 2021.
             Was a Believer of Trog.
             Slain by Duvessa
             ... wielding a +0 short sword
              (7 damage)
             ... on level 4 of the Dungeon.
             The game lasted 00:08:47 (3047 turns).

hatsuma the Slasher (Minotaur Berserker)            Turns: 3047, Time: 00:08:47

Health: 0/72       AC: 10    Str: 21    XL:     5   Next: 39%
Magic:  4/4        EV: 10    Int:  4    God:    Trog [**....]
Gold:   186        SH:  0    Dex: 11    Spells: 4/4 levels left

rFire    . . .     SeeInvis .   a - +0 falchion
rCold    . . .     Faith    .   (no shield)
rNeg     . . .     Spirit   .   h - +0 scale mail
rPois    .         Reflect  .   (helmet restricted)
rElec    .         Harm     .   n - +0 cloak
rCorr    .         Rampage  .   b - +0 pair of gloves
Will     ++...                  r - +0 pair of boots
Stlth    ..........             j - amulet of magic regeneration
HPRegen  1.22/turn              (no ring)
MPRegen  0.34/turn              (no ring)

@: berserking, regenerating (expiring), very quick
A: retaliatory headbutt, horns 2
a: Renounce Religion, Berserk, Trog's Hand


You were on level 4 of the Dungeon.
You worshipped Trog.
Trog was pleased with you.
You visited 1 branch of the dungeon, and saw 4 of its levels.

You collected 186 gold pieces.

Inventory:

Hand Weapons
 a - a +0 falchion (weapon)
Armour
 b - a +0 pair of gloves (worn)
 h - a +0 scale mail (worn)
 n - a +0 cloak (worn)
 r - a +0 pair of boots (worn)
Jewellery
 j - an amulet of magic regeneration (around neck)
Wands
 k - a wand of paralysis (5)
 p - a wand of acid (11)
Scrolls
 e - 2 scrolls of fear {unknown}
 g - 2 scrolls of remove curse
 i - a scroll of teleportation {unknown}
 m - a scroll of immolation {unknown}
 o - a scroll of amnesia {unknown}
Potions
 c - a potion of might
 d - a potion of attraction {unknown}
 f - a potion of lignification {unknown}
 l - a potion of magic {unknown}
 q - a potion of mutation {unknown}


   Skills:
 - Level 5.1 Fighting
 - Level 6.1 Long Blades
 - Level 3.0 Armour
 - Level 2.1 Dodging
 + Level 0.5 Evocations


You had 4 spell levels left.
You didn't know any spells.
Your spell library was empty.

Dungeon Overview and Level Annotations

Branches:
Dungeon (4/15)
 Temple: D:4-7

Altars:
Ashenzari
Xom

Annotations:
D:4 Dowan, Duvessa


Innate Abilities, Weirdness & Mutations

You reflexively headbutt those who attack you in melee.
You have a pair of horns on your head.


Message History

Duvessa hits you with a +0 short sword. Duvessa hits you with a +0 short sword!
You hit Duvessa.
Duvessa is moderately wounded.
Duvessa hits you with a +0 short sword!
* * * LOW HITPOINT WARNING * * *
A red film seems to cover your vision as you go berserk!
You feel yourself moving faster!
You feel mighty!
Duvessa gestures with her weapon.
Duvessa hits you but does no damage. Duvessa hits you with a +0 short sword!
* * * LOW HITPOINT WARNING * * *
You hit Duvessa.
Duvessa is heavily wounded.
Duvessa completely misses you. You furiously retaliate!
You headbutt Duvessa.
You riposte.
Your scale mail prevents you from hitting Duvessa.
Duvessa is heavily wounded.
You slash Duvessa!
Duvessa is severely wounded.
Duvessa hits you with a +0 short sword!
You die...

#......##..# #..
#.##.####..#####..
#.#..# #.........
#.#.## #.######.#
#.#.# #. #.. #.#.#
#. #.. #.#.# #.
#.. #.#.# #. #..
#@#.# #. #.. #e#.#
#.. #e#.# #.. #B#
... #.. #.# #.#
#.#


You could see Duvessa (fast, strong), Dowan and a worker ant.

Vanquished Creatures
  4 orc wizards (D:4)
  3 adders
  A worm (D:3)
  3 leopard geckos
  An orc (D:4)
  4 giant cockroaches
  6 goblins
  5 hobgoblins
  3 bats
  2 frilled lizards
  6 kobolds
  A leopard gecko skeleton (D:4)
  9 rats
48 creatures vanquished.

Notes
Turn   | Place    | Note
-------+----------+-------------------------------------------
     0 | D:1      | hatsuma the Minotaur Berserker began the quest for the Orb.
     0 | D:1      | Reached XP level 1. HP: 19/19 MP: 0/0
   286 | D:1      | Reached skill level 4 in Long Blades
   520 | D:1      | Reached XP level 2. HP: 25/26 MP: 1/1
  1486 | D:2      | Reached skill level 5 in Long Blades
  1486 | D:2      | Reached XP level 3. HP: 31/31 MP: 2/2
  1690 | D:2      | Found a shimmering altar of Xom.
  1820 | D:2      | Reached ** piety under Trog
  2598 | D:4      | Found a broken altar of Ashenzari.
  2682 | D:4      | Reached skill level 6 in Long Blades
  2682 | D:4      | Reached XP level 4. HP: 17/39 MP: 3/3
  2683 | D:4      | Reached XP level 5. HP: 20/47 MP: 4/4
  2684 | D:4      | Reached skill level 5 in Fighting
  3032 | D:4      | Noticed Dowan
  3033 | D:4      | Noticed Duvessa
  3047 | D:4      | Slain by Duvessa

Illustrated notes

Levels and vault maps discovered:
D:1:      dpeg_arrival_circle_labyrinth_c, layout_basic, patterned_corridor
D:2:      layout_loops_cross, lemuel_round_altar
D:3:      wander_river, layout_rooms, lemuel_another_geyser
D:4:      layout_loops_ring, ashenzari_altar_1, minmay_temple_entry_waves,
          uniq_sigmund, uniq_duvessa

Skill      XL: |  1  2  3  4  5 |
---------------+----------------+-----
Long Blades    | 4 5 6 |  6.1
Armour         | 3 |  3.0
Fighting       | 4 5 |  5.1
Dodging        | |  2.1
Evocations     | |  0.5

Action                   |  1- 3 |  4- 6 || total
-------------------------+-------+-------++-------
Melee: Falchion          |    98 |    17 ||   115
       Headbutt          |    16 |     2 ||    18
Invok: Berserk           |     1 |     1 ||     2
       Trog's Hand       |       |     1 ||     1
  Use: Scroll            |     4 |       ||     4
 Stab: Sleeping          |     1 |       ||     1
Armor: Animal skin       |     6 |       ||     6
       Scale mail        |    21 |     7 ||    28
Dodge: Dodged            |    49 |     8 ||    57
       Rpst.: Falchion   |    14 |     2 ||    16
